cohdb
Replays
Latest Replays
All Replays
Popular Replays
Top Player Replays
Match Explorer
How It Works
Community
CoH3 Stats
Reddit
Sign in to upload your games and track your stats! →
Sign in with Steam
Match 42263822
Unlisted
Match 42263822
Overview
Messages
Build Orders
End
250 Light Carrier
Panzergrenadier Squad
Panzergrenadier Squad
Construct Light Support Kompanie
MG34 Team
2.5-tonne Medical Truck
Selects Italian Infantry
Fire Support Elements
Selects Guastatori Squad
Panzerjäger Mechanized Group
Selects Registered Artillery
Registered Artillery
Guastatori Squad
Flakvierling Half-track
Meaxus
سَۨفُـيٰانۨوٰس
0
0
Comments
sign in to comment!
No comments posted yet!